PBL
TROIS-RIVERES AIGLES @ WINDY CITY THUNDERBOLTS
09/09/2047
 
TOP OF THE 1ST
Trois-Riveres Aigles batting - Pitching for Windy City ThunderBolts : RHP Chang-wei Quian
Pitching: RHP Chang-wei Quian
Batting: RHB Luis Jara 0-0: Ball
1-0: Bunt for hit to 23 - play at first, batter safe!
Batting: RHB Dave Valdez 0-0: Foul Ball, location: 2F
0-1: SINGLE (Groundball, 6MD, EV 100.0 MPH)
Luis Jara to second
Batting: RHB Kyler Seitz 0-0: Called Strike
0-1: Ball
1-1: Foul Ball, location: 2F
1-2: Foul Ball, location: 2F
1-2: Ball
2-2: Strikes out swinging
Batting: RHB Jon Gonzales 0-0: Ball
1-0: Swinging Strike
1-1: Ball
2-1: Ball
3-1: Foul Ball, location: 2F
3-2: SINGLE (Line Drive, 7LS, EV 91.9 MPH)
Luis Jara to third
Dave Valdez to second
Runner from 3rd tries for Home, SAFE, throw by LF to home
Batting: RHB Tim Dower 0-0: Foul Ball, location: 2F
0-1: 3-RUN HOME RUN (Flyball, 7LD, EV 90.0 MPH), Distance : 351 ft
Batting: RHB Joe Hartigan 0-0: Called Strike
0-1: Ball
1-1: Ball
2-1: Ball
3-1: Base on Balls
Batting: RHB Sandoval Serzedelo 0-0: Ball
1-0: Called Strike
1-1: Foul Ball, location: 2F
1-2: Foul Ball, location: 2F
1-2: Ball
2-2: 2-RUN HOME RUN (Flyball, 89XD, EV 107.5 MPH), Distance : 419 ft
Batting: RHB Willie Acevedo 0-0: Fly out, F7 (Flyball, 7D, EV 91.2 MPH)
Batting: RHB Jeff Standridge 0-0: Ball
1-0: Ground out 1-3 (Groundball, 25, EV 62.5 MPH)
Top of the 1st over - 6 runs, 5 hits, 0 errors, 0 left on base; Trois-Riveres 6 - Windy City 0
BOTTOM OF THE 1ST
Windy City ThunderBolts batting - Pitching for Trois-Riveres Aigles : RHP Jonathan Holland
Pitching: RHP Jonathan Holland
Batting: SHB Noah Long 0-0: Foul Ball, location: 2F
0-1: Ball
1-1: Fly out, F6 (Line Drive, 6, EV 67.5 MPH)
Batting: RHB Tyrell Camp 0-0: Swinging Strike
0-1: Ball
1-1: Ground out 5-3 (Groundball, 56, EV 107.5 MPH)
Batting: RHB Joselito Santos 0-0: Called Strike
0-1: Ball
1-1: Foul Ball, location: 2F
1-2: Foul Ball, location: 2F
1-2: Fly out, F8 (Flyball, 8LS, EV 91.9 MPH)
Bottom of the 1st over - 0 runs, 0 hits, 0 errors, 0 left on base; Trois-Riveres 6 - Windy City 0
TOP OF THE 2ND
Trois-Riveres Aigles batting - Pitching for Windy City ThunderBolts : RHP Chang-wei Quian
Batting: RHB Luis Jara 0-0: Ball
1-0: Called Strike
1-1: DOUBLE (Flyball, 78D, EV 100.6 MPH)
Pitching: RHP Max Carter
Batting: RHB Dave Valdez 0-0: Ball
1-0: Ball
2-0: Foul Ball, location: 2F
2-1: Ball
3-1: Ground out 1-3 (Groundball, 13S, EV 70.0 MPH)
Luis Jara to third
Batting: RHB Kyler Seitz 0-0: Called Strike
0-1: Swinging Strike
0-2: Ball
1-2: Foul Ball, location: 2F
1-2: Strikes out looking
Batting: RHB Jon Gonzales 0-0: Foul Ball, location: 2F
0-1: Ball
1-1: Ball
2-1: Ball
3-1: Called Strike
3-2: SINGLE (Line Drive, 6D, EV 102.5 MPH)
Luis Jara scores
Batting: RHB Tim Dower 0-0: Ball
1-0: Ground out 1-3 (Groundball, 13S, EV 67.5 MPH)
Top of the 2nd over - 1 run, 2 hits, 0 errors, 1 left on base; Trois-Riveres 7 - Windy City 0
BOTTOM OF THE 2ND
Windy City ThunderBolts batting - Pitching for Trois-Riveres Aigles : RHP Jonathan Holland
Batting: SHB Rob Haney 0-0: Foul Ball, location: 2LF, Error on foul ball, E2
0-1: SOLO HOME RUN (Flyball, 9D, EV 99.4 MPH), Distance : 381 ft
Batting: RHB Joe Thomas 0-0: Foul Ball, location: 2F
0-1: Ball
1-1: Ball
2-1: Ball
3-1: Foul Ball, location: 2F
3-2: Ground out 5-3 (Groundball, 56, EV 87.5 MPH)
Batting: SHB Danny Gallegos 0-0: Ground out 4-3 (Groundball, 4D, EV 85.6 MPH)
Batting: RHB Ricky Avila 0-0: Ball
1-0: Ground out 5-3 (Groundball, 25, EV 86.2 MPH)
Bottom of the 2nd over - 1 run, 1 hit, 1 error, 0 left on base; Trois-Riveres 7 - Windy City 1
TOP OF THE 3RD
Trois-Riveres Aigles batting - Pitching for Windy City ThunderBolts : RHP Max Carter
Batting: RHB Joe Hartigan 0-0: Foul Ball, location: 2F
0-1: Ball
1-1: Foul Ball, location: 2F
1-2: Ball
2-2: Fly out, F9 (Flyball, 9D, EV 100.0 MPH)
Batting: RHB Sandoval Serzedelo 0-0: Ball
1-0: Ball
2-0: Foul Ball, location: 2F
2-1: Ball
3-1: SINGLE (Line Drive, 78S, EV 95.0 MPH)
Batting: RHB Willie Acevedo 0-0: Fielders Choice at 2nd, 5-4 (Groundball, 56, EV 85.0 MPH)
Batting: RHB Jeff Standridge 0-0: Ball
Willie Acevedo steals 2nd base
1-0: Ground out 5-3 (Groundball, 56, EV 101.9 MPH)
Top of the 3rd over - 0 runs, 1 hit, 0 errors, 1 left on base; Trois-Riveres 7 - Windy City 1
BOTTOM OF THE 3RD
Windy City ThunderBolts batting - Pitching for Trois-Riveres Aigles : RHP Jonathan Holland
Batting: RHB Dave Dominguez 0-0: Ground out 6-3 (Groundball, 6, EV 82.5 MPH)
Batting: RHB Miguel Pacheco 0-0: Ball
1-0: Called Strike
1-1: Ball
2-1: Ball
3-1: Foul Ball, location: 2F
3-2: Strikes out swinging
Batting: SHB Noah Long 0-0: Fly out, F6 (Flyball, 56D, EV 88.1 MPH)
Bottom of the 3rd over - 0 runs, 0 hits, 0 errors, 0 left on base; Trois-Riveres 7 - Windy City 1
TOP OF THE 4TH
Trois-Riveres Aigles batting - Pitching for Windy City ThunderBolts : RHP Max Carter
Batting: RHB Luis Jara 0-0: Ball
1-0: Ball
2-0: Ball
3-0: Ground out 4-3 (Groundball, 4, EV 81.9 MPH)
Batting: RHB Dave Valdez 0-0: Fly out, F9 (Flyball, 9LD, EV 90.6 MPH)
Batting: RHB Kyler Seitz 0-0: Swinging Strike
0-1: Ball
1-1: Called Strike
1-2: Ball
2-2: Foul Ball, location: 2F
2-2: Foul Ball, location: 2F
2-2: Ball
3-2: SINGLE (Line Drive, 9S, EV 88.1 MPH)
Pitching: LHP James Reynolds
Batting: RHB Jon Gonzales 0-0: Foul Ball, location: 2F
0-1: Ball
1-1: Ball
2-1: Foul Ball, location: 2F
2-2: Strikes out swinging
Top of the 4th over - 0 runs, 1 hit, 0 errors, 1 left on base; Trois-Riveres 7 - Windy City 1
BOTTOM OF THE 4TH
Windy City ThunderBolts batting - Pitching for Trois-Riveres Aigles : RHP Jonathan Holland
Batting: RHB Tyrell Camp 0-0: Called Strike
0-1: Swinging Strike
0-2: Ball
1-2: Ground out 6-3 (Groundball, 6, EV 85.0 MPH)
Batting: RHB Joselito Santos 0-0: Ball
1-0: Ball
2-0: Called Strike
2-1: Foul Ball, location: 2F
2-2: Ball
3-2: Ground out 5-3 (Groundball, 56, EV 105.0 MPH)
Batting: SHB Rob Haney 0-0: Ball
1-0: Ball
2-0: Called Strike
2-1: Ground out 6-3 (Groundball, 6, EV 80.0 MPH)
Bottom of the 4th over - 0 runs, 0 hits, 0 errors, 0 left on base; Trois-Riveres 7 - Windy City 1
TOP OF THE 5TH
Trois-Riveres Aigles batting - Pitching for Windy City ThunderBolts : LHP James Reynolds
Batting: RHB Tim Dower 0-0: Foul Ball, location: 2F
0-1: Ground out 5-3 (Groundball, 5, EV 83.8 MPH)
Batting: RHB Joe Hartigan 0-0: Ball
1-0: Fly out, F4 (Line Drive, 4, EV 66.9 MPH)
Batting: RHB Sandoval Serzedelo 0-0: Ball
1-0: Ball
2-0: Ball
3-0: Called Strike
3-1: Swinging Strike
3-2: Strikes out swinging
Top of the 5th over - 0 runs, 0 hits, 0 errors, 0 left on base; Trois-Riveres 7 - Windy City 1
BOTTOM OF THE 5TH
Windy City ThunderBolts batting - Pitching for Trois-Riveres Aigles : RHP Jonathan Holland
Batting: RHB Joe Thomas 0-0: Ground out 4-3 (Groundball, 4, EV 82.5 MPH)
Batting: SHB Danny Gallegos 0-0: Fly out, F9 (Flyball, 9D, EV 87.5 MPH)
Batting: RHB Ricky Avila 0-0: Fly out, F8 (Flyball, 8LXD, EV 100.6 MPH)
Bottom of the 5th over - 0 runs, 0 hits, 0 errors, 0 left on base; Trois-Riveres 7 - Windy City 1
TOP OF THE 6TH
Trois-Riveres Aigles batting - Pitching for Windy City ThunderBolts : LHP James Reynolds
Batting: RHB Willie Acevedo 0-0: Ball
1-0: Ball
2-0: Ball
3-0: Swinging Strike
3-1: Foul Ball, location: 2F
3-2: Base on Balls
Batting: RHB Jeff Standridge 0-0: Ball
1-0: Ball
2-0: Ground out 6-3 (Groundball, P, EV 85.0 MPH)
Willie Acevedo to second
Batting: RHB Luis Jara 0-0: Ball
1-0: Ball
2-0: Ball
3-0: Called Strike
3-1: Called Strike
3-2: Base on Balls
Pitching: LHP Tyler Thackeray
Batting: RHB Dave Valdez 0-0: Called Strike
0-1: Ball
1-1: Swinging Strike
1-2: Ball
2-2: Ball
3-2: Strikes out swinging
Batting: RHB Kyler Seitz 0-0: Foul Ball, location: 2F
0-1: Ball
1-1: Ball
2-1: Foul Ball, location: 2F
2-2: Ball
3-2: Base on Balls
Willie Acevedo to third
Luis Jara to second
Batting: RHB Jon Gonzales 0-0: Swinging Strike
0-1: Called Strike
0-2: Ball
1-2: Ball
2-2: Foul Ball, location: 2F
2-2: Ball
3-2: Base on Balls
Willie Acevedo scores
Luis Jara to third
Kyler Seitz to second
Batting: RHB Tim Dower 0-0: Called Strike
0-1: Ball
1-1: Ground out 6-3 (Groundball, 56, EV 99.4 MPH)
Top of the 6th over - 1 run, 0 hits, 0 errors, 3 left on base; Trois-Riveres 8 - Windy City 1
BOTTOM OF THE 6TH
Windy City ThunderBolts batting - Pitching for Trois-Riveres Aigles : RHP Jonathan Holland
Batting: RHB Dave Dominguez 0-0: Called Strike
0-1: Ball
1-1: Ball
2-1: Ball
3-1: Fly out, F8 (Flyball, 8LD, EV 109.4 MPH)
Batting: RHB Miguel Pacheco 0-0: Called Strike
0-1: Ball
1-1: Foul Ball, location: 2F
1-2: Foul Ball, location: 2F
1-2: Strikes out swinging
Batting: SHB Noah Long 0-0: Called Strike
0-1: Ball
1-1: Foul Ball, location: 2F
1-2: Ball
2-2: Strikes out looking
Bottom of the 6th over - 0 runs, 0 hits, 0 errors, 0 left on base; Trois-Riveres 8 - Windy City 1
TOP OF THE 7TH
Trois-Riveres Aigles batting - Pitching for Windy City ThunderBolts : LHP Tyler Thackeray
Batting: RHB Joe Hartigan 0-0: Ball
1-0: Foul Ball, location: 2F
1-1: Foul Ball, location: 2F
1-2: Foul Ball, location: 2F
1-2: Foul Ball, location: 2F
1-2: Foul Ball, location: 2F
1-2: Ball
2-2: Ball
3-2: Foul Ball, location: 2F
3-2: Ground out 4-3 (Groundball, 4, EV 96.9 MPH)
Batting: RHB Sandoval Serzedelo 0-0: Called Strike
0-1: SINGLE (Groundball, 56D, EV 103.1 MPH)
Pitching: LHP Humberto Carrera
Batting: RHB Willie Acevedo 0-0: Called Strike
0-1: Fly out, F9 (Flyball, 89D, EV 99.4 MPH)
Batting: RHB Jeff Standridge 0-0: Ground out 4-3 (Groundball, 4, EV 92.5 MPH)
Top of the 7th over - 0 runs, 1 hit, 0 errors, 1 left on base; Trois-Riveres 8 - Windy City 1
BOTTOM OF THE 7TH
Windy City ThunderBolts batting - Pitching for Trois-Riveres Aigles : RHP Jonathan Holland
Batting: RHB Tyrell Camp 0-0: Ball
1-0: Foul Ball, location: 2F
1-1: Called Strike
1-2: SINGLE (Flyball, 4MD, EV 86.2 MPH)
Batting: RHB Joselito Santos 0-0: Called Strike
0-1: Called Strike
0-2: Strikes out swinging
Batting: SHB Rob Haney 0-0: Ball
1-0: Called Strike
1-1: Foul Ball, location: 2F
1-2: Fielders Choice at 2nd, 4-6 (Groundball, 4, EV 103.1 MPH)
Batting: RHB Joe Thomas 0-0: Ball
1-0: Ball
2-0: Ground out 4-3 (Groundball, 4, EV 90.6 MPH)
Bottom of the 7th over - 0 runs, 1 hit, 0 errors, 1 left on base; Trois-Riveres 8 - Windy City 1
TOP OF THE 8TH
Trois-Riveres Aigles batting - Pitching for Windy City ThunderBolts : LHP Humberto Carrera
Batting: RHB Luis Jara 0-0: Swinging Strike
0-1: Ball
1-1: Called Strike
1-2: Foul Ball, location: 2F
1-2: Strikes out swinging
Pinch Hitting: LHB Ricardo Torres 0-0: Ball
1-0: Hit by Pitch
Batting: RHB Kyler Seitz 0-0: Fly out, F8 (Line Drive, 89M, EV 90.6 MPH)
Batting: RHB Jon Gonzales 0-0: Ball
1-0: Swinging Strike
1-1: Ball
2-1: Ball
3-1: Base on Balls
Ricardo Torres to second
Batting: RHB Tim Dower 0-0: Swinging Strike
0-1: Ball
1-1: Foul Ball, location: 2F
1-2: Ground out 6-3 (Groundball, 6S, EV 87.5 MPH)
Top of the 8th over - 0 runs, 0 hits, 0 errors, 2 left on base; Trois-Riveres 8 - Windy City 1
BOTTOM OF THE 8TH
Windy City ThunderBolts batting - Pitching for Trois-Riveres Aigles : RHP Jonathan Holland
Now at 1B: Ricardo Torres
Pinch Hitting: RHB Donovan Deason 0-0: Swinging Strike
0-1: Ball
1-1: Foul Ball, location: 2F
1-2: Strikes out swinging
Batting: RHB Ricky Avila 0-0: Ball
1-0: Called Strike
1-1: Swinging Strike
1-2: Ground out 4-3 (Groundball, 4, EV 106.9 MPH)
Pinch Hitting: RHB Eddie Dimas 0-0: Fly out, F8 (Line Drive, 8RD, EV 103.8 MPH)
Bottom of the 8th over - 0 runs, 0 hits, 0 errors, 0 left on base; Trois-Riveres 8 - Windy City 1
TOP OF THE 9TH
Trois-Riveres Aigles batting - Pitching for Windy City ThunderBolts : LHP Humberto Carrera
Now at 3B: Donovan Deason
Now in LF: Eddie Dimas
Batting: RHB Joe Hartigan 0-0: Ball
1-0: Ball
2-0: Foul Ball, location: 2F
2-1: Ground out 4-3 (Groundball, 4D, EV 103.8 MPH)
Pitching: LHP Craig Courcha
Batting: RHB Sandoval Serzedelo 0-0: Called Strike
0-1: Called Strike
0-2: Ball
1-2: Foul Ball, location: 2F
1-2: Strikes out swinging
Pinch Hitting: SHB Omar Cervantes 0-0: Called Strike
0-1: Swinging Strike
0-2: Ball
1-2: Foul Ball, location: 2F
1-2: Foul Ball, location: 2F
1-2: Strikes out swinging
Top of the 9th over - 0 runs, 0 hits, 0 errors, 0 left on base; Trois-Riveres 8 - Windy City 1
BOTTOM OF THE 9TH
Windy City ThunderBolts batting - Pitching for Trois-Riveres Aigles : RHP Jonathan Holland
Now at 3B: Ben Saxton
Pinch Hitting: RHB Camillo Bonauiti 0-0: Called Strike
0-1: Ball
1-1: Fly out, F8 (Flyball, 8RXD, EV 94.4 MPH)
Batting: SHB Noah Long 0-0: Ball
1-0: Foul Ball, location: 2F
1-1: Ball
2-1: Fly out, F7 (Flyball, 7, EV 83.8 MPH)
Batting: RHB Tyrell Camp 0-0: Ball
1-0: Ball
2-0: Ball
3-0: Base on Balls
Batting: RHB Joselito Santos 0-0: Ball
1-0: Swinging Strike
1-1: Ball
2-1: Ball
3-1: Called Strike
3-2: Foul Ball, location: 2F
3-2: SINGLE (Groundball, 34, EV 97.5 MPH)
Tyrell Camp to second
Tyrell Camp to third
Batting: SHB Rob Haney 0-0: Ball
1-0: Swinging Strike
1-1: Ball
2-1: Called Strike
2-2: Strikes out swinging
Bottom of the 9th over - 0 runs, 1 hit, 0 errors, 2 left on base; Trois-Riveres 8 - Windy City 1
Thursday, December 15th , 2022 - OOTP Baseball 23.9 Build 102